 Dungeon Crawl Stone Soup version 0.23.0-3-gf3c87f2 (webtiles) character file.

Game seed: 2886798935559048204

8031 Borgoz the Covert (level 11, -5/81 HPs)
             Began as a Vampire Assassin on Feb 23, 2019.
             Was a Priest of Dithmenos.
             Slain by an unseen horror (7 damage)
             ... on level 10 of the Dungeon.
             The game lasted 00:28:20 (13403 turns).

Borgoz the Covert (Vampire Assassin)               Turns: 13403, Time: 00:28:21

Health: -5/81      AC:  6    Str: 12    XL:     11   Next: 4%
Magic:  18/18      EV: 17    Int: 15    God:    Dithmenos [***...]
Gold:   572        SH:  0    Dex: 16    Spells: 19/20 levels left

rFire    + + .     SeeInvis +   a - +1 dagger (drain)
rCold    + . .     Gourm    .   (no shield)
rNeg     + + .     Faith    .   K - +1 robe {rF+}
rPois    +         Spirit   .   t - +0 helmet
rElec    .         Reflect  .   y - +0 cloak {+Inv}
rCorr    .         Harm     .   (no gloves)
MR       +....                  m - +0 pair of boots
Stlth    ++++++++..             (no amulet)
HPRegen  0.11/turn              w - ring of protection from fire
MPRegen  0.16/turn              (no ring)

@: marked, very slightly contaminated, regenerating slowly, wreathed by umbra
A: rotting body, fangs 3, see invisible, unbreathing
a: Bat Form, Shadow Step, Renounce Religion, Evoke Invisibility


You were on level 10 of the Dungeon.
You worshipped Dithmenos.
Dithmenos was most pleased with you.
You were thirsty.

You visited 2 branches of the dungeon, and saw 11 of its levels.

You collected 572 gold pieces.

Inventory:

Hand Weapons
 a - a +1 dagger of draining (weapon)
 b - a +0 blowgun
 x - a +3 quarterstaff of chaos
 A - a +1 dagger of pain
 J - a +0 dagger of chaos
Missiles
 e - 28 poisoned needles
 f - 2 curare-tipped needles
Armour
 m - a +0 pair of boots (worn)
 r - a +0 robe of positive energy
 t - a +0 helmet (worn)
 y - a +0 cloak of invisibility (worn)
 K - a +1 robe of fire resistance (worn)
Jewellery
 w - a ring of protection from fire (left hand)
 L - an uncursed ring of ice
Wands
 n - a wand of random effects (51)
 E - a wand of paralysis (5)
 I - a wand of flame (26)
 M - a wand of acid (7)
Scrolls
 c - 4 scrolls of amnesia
 d - 2 scrolls of blinking
 h - 7 scrolls of remove curse
 i - a scroll of fear {unknown}
 k - 4 scrolls of enchant weapon {unknown}
 l - 6 scrolls of enchant armour {unknown}
 o - 5 scrolls of teleportation {unknown}
 s - 4 scrolls of magic mapping {unknown}
 u - 2 scrolls of random uselessness {unknown}
 D - a scroll of brand weapon {unknown}
 F - 3 scrolls of immolation {unknown}
Potions
 g - 16 potions of blood
 j - 3 potions of curing
 p - 3 potions of brilliance
 q - a potion of magic
 v - a potion of lignification
 z - 2 potions of berserk rage
 B - a potion of haste
 C - 2 potions of flight


   Skills:
 + Level 6.2 Fighting
 + Level 8.4 Short Blades
 + Level 2.6 Throwing
 + Level 3.8 Armour
 + Level 7.2 Dodging
 + Level 12.0 Stealth
 + Level 5.0 Spellcasting
 + Level 5.0 Hexes
 + Level 4.4 Evocations


You had 19 spell levels left.
You knew the following spells:

 Your Spells              Type           Power        Failure   Level  Hunger
a - Confusing Touch       Hex            ###...       1%          1    None

Your spell library contained the following spells:

 Spells                   Type           Power        Failure   Level  Hunger
 Animate Skeleton         Necr           N/A          16%         1    None
 Apportation              Tloc           #.....       16%         1    None
 Magic Dart               Conj           #...         16%         1    None
 Summon Small Mammal      Summ           #...         16%         1    None
 Dazzling Spray           Conj/Hex       ##....       17%         3    ###....
 Searing Ray              Conj           #.....       24%         2    ##.....
 Fulminant Prism          Conj/Hex       ##........   50%         4    ####...
 Force Lance              Conj/Tloc      #.......     85%         4    ####...
 Iskenderun's Mystic Bla  Conj           #.......     85%         4    ####...


Dungeon Overview and Level Annotations

Branches:
Dungeon (10/15)            Temple (1/1) D:5            Lair (0/6) D:9
    Orc: D:9-12

Altars:
Ashenzari
Cheibriados
Dithmenos
Elyvilon
Fedhas
Gozag
Hepliaklqana
Kikubaaqudgha
Makhleb
Nemelex Xobeh
Okawaru
Qazlal
Ru
Sif Muna
Trog
Uskayaw
Vehumet
Wu Jian
Xom
Yredelemnul
Zin
The Shining One


Innate Abilities, Weirdness & Mutations

Your body is rotting away.
You thrive on raw meat.
You heal slowly.
You have razor-sharp teeth.
You have supernaturally acute eyesight. (SInv)
You can survive without breathing.


Message History

* * * LOW HITPOINT WARNING * * *
The orc misses you. The kobold closely misses you.
You hit the kobold but do no damage. The orc warrior barely misses you.
The kobold barely misses you.
Okay, then.
Blink to where?
Press: ? - help, Dir - move target cursor You are very lightly contaminated with residual magic.
As you read the scroll of blinking, it crumbles to dust.
An unseen horror comes into view.
You set off the alarm!
A sentinel's mark forms upon you.
You hear a chilling moan.
You hear an angry hiss. x2; You hear a shout! x2
A killer bee zombie comes into view.
The unseen horror hits you!
* * * LOW HITPOINT WARNING * * *
The unseen horror barely misses you. The unseen horror hits you.
* * * LOW HITPOINT WARNING * * *
The unseen horror hits you!
You die...

#####.#.## ..#........ ....
..#.###..........
.....##.#.#.#..........
........................
?...................Z...
........oK.Ko...............
>.........o..##.x...............
........ooKK# ##@...............
........oK..# #.......... .....
.......)J######..........#.(...
........## #............#...#
........### #..####..#...#.>.#
.......(..###...####.#.....#
...........#...))))<.......#..
...........<....#######...##...
.!..............#######.........


You could see an unseen horror (invisible) and a killer bee zombie.

Vanquished Creatures
  A centaur warrior (D:8)
  An unseen horror (D:10)
  An ugly thing (D:8)
  Psyche (D:8)
  2 kobold demonologists (D:10)
  Sigmund (D:5)
  4 hogs (D:8)
  A wyvern (D:9)
  A human (D:8)
  6 yaks
  A soldier ant (D:8)
  A porcupine (D:9)
  3 black bears (D:9)
  2 sky beasts
  4 ice beasts
  2 orc warriors
  A necrophage (D:5)
  A phantom (D:6)
  An ogre (D:5)
  2 centaurs
  A big kobold (D:8)
  4 bullfrogs
  2 crocodiles
  2 water moccasin zombies
  4 scorpions
  5 killer bees (D:8)
  A wight (D:8)
  2 howler monkeys
  4 crimson imps
  A quasit (D:8)
  A centaur zombie (D:6)
  A jelly (D:7)
  A hound (D:6)
  7 orc wizards
  3 bullfrog skeletons
  5 orc priests
  Crazy Yiuf (D:4)
  2 iguanas (D:6)
  8 worker ants
  A hound skeleton (D:7)
  A worker ant zombie (D:7)
  Robin (D:3)
  7 adders
  2 shadow imps
  2 adder skeletons (D:4)
  4 worms
  3 dart slugs
  5 leopard geckos
  44 orcs
  4 ball pythons
  5 bats
  7 giant cockroaches
  16 goblins
  3 hobgoblins
  4 jackals
  6 kobolds
  4 quokkas
  3 frilled lizards
  A jackal zombie (D:8)
  A leopard gecko skeleton (D:7)
  A leopard gecko zombie (D:5)
  A quokka zombie (D:8)
  4 rats
222 creatures vanquished.

Vanquished Creatures (others)
  A killer bee (D:8)
  4 fungi (D:9)
5 creatures vanquished.

Grand Total: 227 creatures vanquished

Notes
Turn   | Place    | Note
-------+----------+-------------------------------------------
     0 | D:1      | Borgoz the Vampire Assassin began the quest for the Orb.
     0 | D:1      | Reached XP level 1. HP: 16/16 MP: 1/1
   145 | D:1      | Reached skill level 6 in Stealth
   639 | D:2      | Reached XP level 2. HP: 16/22 MP: 2/2
   900 | D:2      | Reached XP level 3. HP: 21/27 MP: 3/3
   988 | D:2      | Reached skill level 7 in Stealth
  1133 | D:2      | Found a faded altar of an unknown god.
  1209 | D:2      | Reached XP level 4. HP: 14/33 MP: 4/4
  2410 | D:4      | Noticed Robin
  2494 | D:3      | Killed Robin
  2494 | D:3      | Reached XP level 5. HP: 26/38 MP: 5/5
  2911 | D:4      | HP: 1/38 [orc wizard/puff of flame (10)]
  3042 | D:4      | Noticed a sky beast
  3080 | D:4      | Killed a sky beast
  3080 | D:4      | Reached skill level 5 in Short Blades
  3080 | D:4      | Reached XP level 6. HP: 28/46 MP: 6/6
  3664 | D:4      | Reached skill level 8 in Stealth
  3925 | D:4      | Found a runed translucent door.
  3926 | D:4      | Noticed Crazy Yiuf
  4018 | D:4      | Found a sacrificial altar of Ru.
  4681 | D:4      | Killed Crazy Yiuf
  4751 | D:5      | Entered Level 5 of the Dungeon
  4758 | D:5      | Learned a level 1 spell: Confusing Touch
  4771 | D:5      | Reached XP level 7. HP: 52/52 MP: 7/7
  4804 | D:5      | Found a staircase to the Ecumenical Temple.
  4860 | D:6      | Reached skill level 1 in Hexes
  5244 | Temple   | Entered the Ecumenical Temple
  5424 | Temple   | Became a worshipper of Dithmenos the Shadowed
  5596 | D:5      | Reached skill level 1 in Spellcasting
  5839 | D:5      | Noticed Sigmund
  5842 | D:5      | Killed Sigmund
  5842 | D:5      | Reached skill level 9 in Stealth
  5842 | D:5      | Reached XP level 8. HP: 60/60 MP: 8/10
  6484 | D:6      | HP: 3/60 [iguana (8)]
  6883 | D:6      | Reached skill level 1 in Evocations
  7403 | D:6      | Reached skill level 5 in Dodging
  7542 | D:7      | Reached * piety under Dithmenos
  7757 | D:7      | Found a stormy altar of Qazlal.
  7876 | D:7      | Reached skill level 1 in Armour
  7876 | D:7      | Reached skill level 10 in Stealth
  7876 | D:7      | Reached XP level 9. HP: 26/66 MP: 13/13
  8817 | D:8      | Noticed Psyche
  8824 | D:8      | Killed Psyche
  8876 | D:8      | Noticed a red ugly thing
  8879 | D:8      | Noticed a centaur warrior
  8942 | D:8      | Reached skill level 5 in Fighting
  9834 | D:8      | Reached ** piety under Dithmenos
 10184 | D:8      | Reached skill level 11 in Stealth
 10205 | D:8      | Reached XP level 10. HP: 44/74 MP: 14/16
 11001 | D:8      | Killed a red ugly thing
 11019 | D:8      | Killed a centaur warrior
 11991 | D:9      | Found a staircase to the Lair.
 13206 | D:10     | Entered Level 10 of the Dungeon
 13256 | D:10     | Reached *** piety under Dithmenos
 13311 | D:10     | Noticed an unseen horror
 13322 | D:10     | Killed an unseen horror
 13373 | D:10     | Reached skill level 12 in Stealth
 13373 | D:10     | Reached skill level 5 in Spellcasting
 13373 | D:10     | Reached XP level 11. HP: 58/81 MP: 16/18
 13399 | D:10     | Reached skill level 5 in Hexes
 13401 | D:10     | Noticed an unseen horror
 13402 | D:10     | HP: 2/81 [unseen horror (6)]
 13403 | D:10     | Slain by an unseen horror

Skill      XL: |  1  2  3  4  5  6  7  8  9 10 11 |
---------------+----------------------------------+-----
Stealth        | 6 7 8 9 10 11 12 | 12.0
Short Blades   | 3 4 5 6 7 8 |  8.4
Fighting       | 2 3 4 5 6 |  6.2
Dodging        | 2 3 4 5 6 7 |  7.2
Throwing       | 2 |  2.6
Hexes          | 2 4 5 |  5.0
Spellcasting   | 1 2 4 5 |  5.0
Evocations     | 1 3 4 |  4.4
Armour         | 1 2 3 |  3.8

Action                   |  1- 3 |  4- 6 |  7- 9 | 10-12 || total
-------------------------+-------+-------+-------+-------++-------
Melee: Dagger            |    85 |   229 |   638 |   369 ||  1321
       Bite              |     8 |    18 |    54 |    45 ||   125
 Fire: Blowgun           |       |    10 |       |     4 ||    14
 Cast: Confusing Touch   |       |       |     2 |    12 ||    14
Evoke: Wand              |     1 |       |     2 |       ||     3
  Use: Scroll            |     1 |       |    10 |     3 ||    14
       Potion            |     1 |    11 |     8 |     5 ||    25
 Stab: Sleeping          |    11 |    10 |    30 |     3 ||    54
       Invisible         |       |       |     2 |       ||     2
       Confused          |       |       |     3 |    13 ||    16
       Paralysed         |       |       |     1 |       ||     1
  Eat: Corpse            |       |     1 |    11 |     5 ||    17
Armor: Robe              |    13 |    56 |    70 |    35 ||   174
       Skin              |       |    12 |       |       ||    12
Dodge: Dodged            |    31 |   107 |   396 |   309 ||   843
